 Dungeon Crawl Stone Soup version 0.23.0-3-gf3c87f2 (webtiles) character file.

Game seed: 6035649766522562071

91 Borgoz the Sneak (level 4, -7/33 HPs)
             Began as a Ghoul Enchanter on Feb 24, 2019.
             Mangled by a hippogriff (8 damage)
             ... on level 2 of the Dungeon.
             The game lasted 00:04:12 (1120 turns).

Borgoz the Sneak (Ghoul Enchanter)                  Turns: 1120, Time: 00:04:13

Health: -7/33      AC:  4    Str: 16    XL:     4   Next: 59%
Magic:  5/5        EV: 12    Int: 10    God:
Gold:   103        SH:  0    Dex: 10    Spells: 6/6 levels left

rFire    + . .     SeeInvis .   a - +2 dagger
rCold    + . .     Gourm    .   (no shield)
rNeg     + + +     Faith    .   b - +0 robe
rPois    ∞         Spirit   .   i - +0 helmet
rElec    .         Reflect  .   (no cloak)
rCorr    .         Harm     .   (no gloves)
MR       .....                  n - +0 pair of boots
Stlth    ++........             (no amulet)
HPRegen  0.00/turn              c - ring of protection from fire
MPRegen  0.09/turn              (no ring)

@: mighty, rotting
A: rotting body, claws 1, carnivore, cold resistance 1, negative energy
resistance 3, inhibited regeneration, torment resistance, unbreathing
a: no special abilities


You were on level 2 of the Dungeon.
You were not hungry.

You visited 1 branch of the dungeon, and saw 3 of its levels.

You collected 103 gold pieces.

Inventory:

Hand Weapons
 a - a +2 dagger (weapon)
Armour
 b - a +0 robe (worn)
 i - a +0 helmet (worn)
 n - a +0 pair of boots (worn)
Jewellery
 c - a ring of protection from fire (left claw)
Scrolls
 h - a scroll of fog
 j - 2 scrolls of identify
 l - 4 scrolls of enchant weapon
 m - a scroll of remove curse
Potions
 g - 2 potions of cancellation
Comestibles
 d - 3 rations
 k - 12 chunks of flesh


   Skills:
 * Level 2.6 Short Blades
 + Level 2.5 Dodging
 + Level 4.1 Stealth
 - Level 1.7 Spellcasting
   Level 2.5 Hexes


You had 6 spell levels left.
You didn't know any spells.
Your spell library contained the following spells:

 Spells                   Type           Power        Failure   Level  Hunger
 Corona                   Hex            #......      11%         1    ##.....
 Ensorcelled Hibernation  Hex/Ice        #.....       28%         2    ###....
 Confuse                  Hex            #.......     32%         3    ####...
 Tukima's Dance           Hex            #.......     32%         3    ####...
 Dazzling Spray           Conj/Hex       #.....       50%         3    ####...


Dungeon Overview and Level Annotations

Branches:
Dungeon (3/15)

Altars:


Innate Abilities, Weirdness & Mutations

Your body is rotting away.
You thrive on raw meat.
You are immune to poison.
You have sharp fingernails.
You are carnivorous and can eat meat at any time.
Your flesh is cold resistant. (rC+)
You are immune to negative energy. (rN+++)
You do not regenerate when monsters are visible.
You are immune to unholy pain and torment.
You can survive without breathing.


Message History

The hippogriff misses you.
You bump into the rock wall.
The hippogriff bites you but does no damage.
The hippogriff pecks you. The hippogriff claws you.
You bump into the rock wall.
The hippogriff bites you. The hippogriff misses you. x2
You feel very mighty all of a sudden. The hippogriff closely misses you.
The hippogriff completely misses you. The hippogriff claws you!
You barely miss the hippogriff. The hippogriff bites you.
The hippogriff pecks you. The hippogriff claws you.
* * * LOW HITPOINT WARNING * * *
You feel less invigorated.
You feel less confused.
You completely miss the hippogriff. The hippogriff bites you!
* * * LOW HITPOINT WARNING * * *
The hippogriff pecks you.
* * * LOW HITPOINT WARNING * * *
The hippogriff claws you!
You die...

#.....# #.#.#.# .##
####.#.#.##### ..#
..............# #.#
.###..###..##.# #.#
#..###..##.# #.# ## #.......#
#.# #....#.####.# ### ###
#.......@H..# ##.## #..
#.####.##########.#.###.#
#.#####.####.# #...###...#.
#.....'......#
#####.##.#.###.#
#######.########.........##
### #...# #.........## #...#
#..###....####### #...#
#..#............. #
#####...######..#.^.#.#.......


You could see a hippogriff.

Vanquished Creatures
  5 gnolls
  2 dart slugs (D:1)
  2 leopard geckos
  A ball python (D:2)
  4 bats
  2 giant cockroaches (D:1)
  4 goblins
  4 hobgoblins
  4 jackals (D:2)
  2 kobolds (D:1)
  3 frilled lizards
  4 rats
37 creatures vanquished.

Notes
Turn   | Place    | Note
-------+----------+-------------------------------------------
     0 | D:1      | Borgoz the Ghoul Enchanter began the quest for the Orb.
     0 | D:1      | Reached XP level 1. HP: 14/14 MP: 2/2
    18 | D:1      | Reached skill level 1 in Short Blades
    85 | D:1      | Reached XP level 2. HP: 17/20 MP: 3/3
   215 | D:2      | Reached XP level 3. HP: 25/25 MP: 4/4
   877 | D:2      | Reached XP level 4. HP: 19/33 MP: 5/5
   883 | D:2      | Reached skill level 4 in Stealth
  1108 | D:2      | Noticed a hippogriff
  1112 | D:2      | HP: 1/33 [hippogriff (6)]
  1120 | D:2      | HP: 1/33 [hippogriff (2)]
  1120 | D:2      | Mangled by a hippogriff

Skill      XL: |  1  2  3  4 |
---------------+-------------+-----
Short Blades   | 1 2 |  2.6
Dodging        | 2 |  2.5
Stealth        | 4 |  4.1
Spellcasting   | |  1.7
Hexes          | |  2.5

Action                   |  1- 3 |  4- 6 || total
-------------------------+-------+-------++-------
Melee: Dagger            |    75 |    24 ||    99
  Use: Scroll            |     9 |     1 ||    10
       Potion            |     4 |     2 ||     6
 Stab: Sleeping          |     2 |     1 ||     3
  Eat: Chunk             |    15 |     7 ||    22
Armor: Robe              |    23 |     6 ||    29
Dodge: Dodged            |    50 |    24 ||    74
